 Dungeon Crawl Stone Soup version 0.22.1-2-g9c5b331 (webtiles) character file.

707 Fang the Chopper (level 7, -2/66 HPs)
             Began as a Gargoyle Berserker on Nov 28, 2018.
             Was a Priest of Trog.
             Slain by an ogre
             ... wielding a +0 giant club
              (7 damage)
             ... on level 5 of the Dungeon.
             The game lasted 00:04:43 (4012 turns).

Fang the Chopper (Gargoyle Berserker)               Turns: 4012, Time: 00:04:44

Health: -2/66      AC: 20    Str: 28    XL:     7   Next: 67%
Magic:  7/7        EV:  8    Int:  7    God:    Trog [***...]
Gold:   194        SH:  0    Dex:  9    Spells: 6/6 levels left

rFire    + . .     SeeInvis .   a - +1 hand axe
rCold    . . .     Gourm    .   (no shield)
rNeg     + . .     Faith    .   y - +0 plate armour
rPois    ∞         Spirit   .   (no helmet)
rElec    +         Reflect  .   l - +2 cloak {rPois}
rCorr    .         Harm     .   (no gloves)
MR       .....                  (no boots)
Stlth    ..........             u - amulet of rage
HPRegen  0.21/turn              (no ring)
MPRegen  0.10/turn              s - ring of protection from fire

@: berserking, starving, very quick
A: negative energy resistance 1, electricity resistance, unbreathing,
petrification resistance, rot immunity, AC +4
a: Berserk, Trog's Hand, Renounce Religion, Evoke Berserk Rage


You were on level 5 of the Dungeon.
You worshipped Trog.
Trog was most pleased with you.
You were starving.

You visited 1 branch of the dungeon, and saw 5 of its levels.

You collected 194 gold pieces.

Inventory:

Hand Weapons
 a - a +1 hand axe (weapon)
Armour
 l - a +2 cloak of poison resistance (worn)
 y - a +0 plate armour (worn)
Jewellery
 s - a ring of protection from fire (right hand)
 u - an amulet of rage (around neck)
Wands
 n - a wand of digging (22)
Scrolls
 d - a scroll of blinking
 g - a scroll of teleportation
 j - a scroll of fog
 m - a scroll of remove curse
Potions
 b - 4 potions of curing {unknown}
 e - 2 potions of flight
 f - a potion of mutation {unknown}
 h - 3 potions of lignification {unknown}
 i - a potion of heal wounds
 k - a potion of haste {unknown}
 o - a potion of brilliance
 r - 2 potions of resistance {unknown}
Comestibles
 c - 10 rations


   Skills:
 + Level 4.6 Fighting
 + Level 6.4 Axes
 + Level 4.4 Armour
 + Level 2.2 Dodging
 + Level 0.1 Stealth


You had 6 spell levels left.
You didn't know any spells.
Your spell library was empty.

Dungeon Overview and Level Annotations

Branches:
Dungeon (5/15)
 Temple: D:4-7

Altars:
Dithmenos
Okawaru
Qazlal
Sif Muna
Trog
Yredelemnul
The Shining One

Shops:
D:4 [


Innate Abilities, Weirdness & Mutations

You are resistant to torment.
Your stone body is resilient. (AC +4)
You are immune to poison.
You resist negative energy. (rN+)
You are resistant to electric shocks. (rElec)
You can survive without breathing.
You are immune to petrification.
You are immune to rotting.


Message History

You are too injured to fight recklessly!
You are too injured to fight recklessly!
You are too injured to fight recklessly!
You are too injured to fight recklessly!
The ogre hits you but does no damage.
You completely miss the ogre.
The ogre is severely wounded.
The ogre hits you with a giant club!
* * * LOW HITPOINT WARNING * * *
You hit the ogre.
The ogre is severely wounded.
A red film seems to cover your vision as you go berserk!
You feel yourself moving faster!
You feel mighty!
You are starving!
The ogre hits you with a giant club!
* * * LOW HITPOINT WARNING * * *
Your plate armour prevents you from hitting the ogre.
The ogre is severely wounded.
The ogre hits you with a giant club!
You die...

.....P.P...# #.########.<....###
####...)...# #.#.............###
####..#....####.#...............#
..#...+.........#................
#.#.###...#.#####..........#.#.#.
#.#.# #...#..# ##.##............
..#.# ######.# #.######..#.#.#.
..#.#***** #.#####.# ####........
..#.#,,,,* *..!#@O.# #.....#.#.#.
..#.#,**,* *##.#.### #.##........
..#.#,**,#####.#.#####.##....#.##
..#.#,**,......#.......##......#
###.#****################....###
..,,# *,......#.......##....#
###** *,#####.#.#####.##.####
,*******,****#.#.### #.##.# #
,,,,,,,,,**,...#...# #....#** #


You could see an ogre.

Vanquished Creatures
  Sigmund (D:2)
  A phantom (D:4)
  An ogre (D:4)
  A hound (D:4)
  2 bullfrog skeletons
  Terence (D:2)
  Jessica (D:2)
  An iguana (D:4)
  An orc wizard (D:4)
  A worker ant (D:4)
  Robin (D:2)
  A gnoll (D:1)
  2 howler monkey skeletons
  2 adders
  An adder skeleton (D:4)
  3 worms
  A dart slug (D:3)
  3 leopard geckos
  10 orcs
  2 ball pythons
  4 giant cockroaches
  16 goblins
  11 hobgoblins
  7 jackals
  A quokka (D:4)
  11 bats
  5 frilled lizards
  4 kobolds
  6 rats
102 creatures vanquished.

Notes
Turn   | Place    | Note
-------+----------+-------------------------------------------
     0 | D:1      | Fang the Gargoyle Berserker began the quest for the Orb.
     0 | D:1      | Reached XP level 1. HP: 14/14 MP: 1/1
   155 | D:1      | Reached XP level 2. HP: 4/19 MP: 2/2
   430 | D:1      | HP: 1/28 [gnoll/whip (6)]
   432 | D:1      | Reached skill level 3 in Axes
   432 | D:1      | Reached XP level 3. HP: 1/24 MP: 3/3
   911 | D:2      | Noticed Robin
   925 | D:2      | Reached ** piety under Trog
   929 | D:2      | Killed Robin
   929 | D:2      | Reached XP level 4. HP: 20/29 MP: 4/4
  1067 | D:2      | Noticed Jessica
  1079 | D:2      | Killed Jessica
  1079 | D:2      | Reached skill level 4 in Axes
  1281 | D:2      | Noticed Terence
  1298 | D:2      | Killed Terence
  1298 | D:2      | Reached XP level 5. HP: 28/33 MP: 5/5
  1461 | D:2      | Found a stormy altar of Qazlal.
  1532 | D:2      | Noticed Sigmund
  1549 | D:2      | Killed Sigmund
  1549 | D:2      | Reached skill level 5 in Axes
  1549 | D:2      | Reached XP level 6. HP: 38/38 MP: 6/6
  2044 | D:3      | Found a glowing golden altar of the Shining One.
  2088 | D:3      | Found an iron altar of Okawaru.
  2471 | D:4      | Noticed a phantom
  2538 | D:4      | Killed a phantom
  2707 | D:4      | Reached *** piety under Trog
  2707 | D:4      | Reached XP level 7. HP: 44/44 MP: 7/7
  2905 | D:4      | Reached skill level 6 in Axes
  3033 | D:4      | Found a bloodstained altar of Trog.
  3505 | D:4      | Found Xofac's Antique Armour Emporium.
  3681 | D:5      | Entered Level 5 of the Dungeon
  3810 | D:5      | Found a basalt altar of Yredelemnul.
  3861 | D:5      | Found a shadowy altar of Dithmenos.
  3873 | D:5      | Found a deep blue altar of Sif Muna.
  4012 | D:5      | Slain by an ogre

Skill      XL: |  1  2  3  4  5  6  7 |
---------------+----------------------+-----
Axes           | 3 4 5 6 |  6.4
Dodging        | 2 |  2.2
Fighting       | 4 |  4.6
Armour         | 3 4 |  4.4
Stealth        | |  0.1

Action                   |  1- 3 |  4- 6 |  7- 9 || total
-------------------------+-------+-------+-------++-------
Melee: Hand axe          |    75 |   231 |   124 ||   430
Invok: Berserk           |     2 |     1 |     3 ||     6
  Use: Scroll            |       |       |    12 ||    12
  Eat: Chunk             |     1 |     7 |     6 ||    14
Armor: Animal skin       |    15 |       |       ||    15
       Ring mail         |    12 |    52 |       ||    64
       Chain mail        |       |    60 |    66 ||   126
       Plate armour      |       |       |    21 ||    21
Dodge: Dodged            |    53 |   115 |    66 ||   234
